[Event "Titled Tuesday Blitz April 11 Early 2023"]
[White "Drygalov, Andrey"]
[Black "Risteski, Emil"]
[WhiteFideId "24171735"]
[BlackFideId "15005267"]
[WhiteElo "2466"]
[BlackElo "2251"]
[Result "1-0"]
[Round "04"]
[TimeControl "180+2"]
[Date "2023.04.11"]
[WhiteClock "0:00:17"]
[BlackClock "0:00:04"]

1. e4 c5 2. Nf3 e6 3. d4 cxd4 4. Nxd4 Nf6 5. Nc3 Nc6 6. Ndb5 Bc5 7. Bf4 O-O 8. Bc7 Qe7 9. Bd6 Bxd6 10. Qxd6 Qd8 11. O-O-O a6 12. Nd4 Ne7 13. h4 b5 14. h5 Ne8 15. Qh2 b4 16. Nce2 Bb7 17. f3 Qa5 18. Kb1 Qb6 19. h6 g6 20. Nb3 d6 21. Qg1 Qc7 22. Qd4 a5 23. Qd2 e5 24. Nbc1 d5 25. Ng3 d4 26. Nd3 Nd6 27. Nxe5 Nxe4 28. Nxe4 Bxe4 29. Ng4 Bf5 30. Nf6+ Kh8 31. g4 Be6 32. Qxd4 Nc6 33. Qc5 Qe5 34. Qxe5 Nxe5 35. Be2 a4 36. f4 Nc6 37. b3 axb3 38. axb3 Ra3 39. Bf3 Rfa8 40. Kc1 Ra1+ 41. Kd2 Rd8+ 42. Ke3 Raxd1 43. Rxd1 Rxd1 44. Bxd1 Ne7 45. Kd4 g5 46. f5 Bc8 47. Kc5 Bb7 48. Kxb4 Nc6+ 49. Kc5 Ne5 50. Kd6 Nf3 51. Bxf3 Bxf3 52. c4 Bd1 53. b4 Ba4 54. Ne4 Bb3 55. c5 f6 56. Nxf6 Bc4 57. Ne4 Bb3 58. Nxg5 Ba2 59. c6 Bb3 60. c7 Bg8 61. Nf7+ Bxf7 62. c8=Q+ Bg8 63. Qc3# 1-0


[Site "https://www.chess.com"]

[Event "Titled Tuesday Blitz April 11 Early 2023"]
[White "Iliaguev, Nisim"]
[Black "Rustemov, Alexander"]
[WhiteFideId "2817276"]
[BlackFideId "4119002"]
[WhiteElo "2241"]
[BlackElo "2884"]
[Result "0-1"]
[Round "04"]
[TimeControl "180+2"]
[Date "2023.04.11"]
[WhiteClock "0:00:13"]
[BlackClock "0:00:11"]

1. d4 g6 2. Nf3 Bg7 3. e4 c5 4. c3 Qc7 5. Be2 d6 6. O-O Nf6 7. e5 dxe5 8. dxe5 Ng4 9. Bf4 Nxe5 10. Nxe5 Bxe5 11. Bxe5 Qxe5 12. Bb5+ Bd7 13. Re1 Qf6 14. Na3 O-O 15. Bxd7 Rd8 16. Qd5 Rxd7 17. Qxc5 Nc6 18. Rad1 Rad8 19. Rxd7 Rxd7 20. Qe3 Qd6 21. h3 Qd2 22. Nc4 Qxe3 23. Rxe3 Rd1+ 24. Kh2 f6 25. Re2 Kf7 26. Ne3 Rd3 27. a4 e5 28. Nc4 g5 29. Ne3 h5 30. g4 h4 31. Nf5 Ne7 32. Ne3 Ng6 33. Rc2 Nf4 34. b4 Ke6 35. c4 Rb3 36. b5 Kd7 37. c5 Rb4 38. c6+ bxc6 39. bxc6+ Kc7 40. Nf5 Rxa4 41. Ne7 Ra3 42. Kg1 Nxh3+ 43. Kh2 Nf4 44. Rb2 Rc3 45. Rb7+ Kd6 46. Rxa7 Rc2 47. Kg1 h3 48. c7 Rxc7 49. Nf5+ Kc6 50. Rxc7+ Kxc7 51. Ng7 Kd7 52. Kh2 Ke7 53. Kg3 Kf7 54. Nf5 Ke6 55. Ne3 e4 56. Nf5 Ke5 57. Nh6 Nd3 58. Kxh3 Nxf2+ 59. Kg3 Nd3 60. Nf7+ Ke6 61. Nd8+ Kd5 62. Nf7 Nf4 63. Nh6 Kd4 64. Ng8 Nd5 65. Kf2 Kd3 66. Nh6 e3+ 67. Ke1 Nf4 68. Ng8 Ng2+ 69. Kf1 e2+ 0-1


[Site "https://www.chess.com"]

[Event "Titled Tuesday Blitz April 11 Early 2023"]
[White "Ingebretsen, Jens E"]
[Black "Vakhlamov, Igor L."]
[WhiteFideId "1522965"]
[BlackFideId "24126748"]
[WhiteElo "2213"]
[BlackElo "2400"]
[Result "1/2-1/2"]
[Round "04"]
[TimeControl "180+2"]
[Date "2023.04.11"]
[WhiteClock "0:00:08"]
[BlackClock "0:00:05"]

1. d4 d5 2. c4 e6 3. Nf3 Nf6 4. Nc3 c5 5. cxd5 cxd4 6. Qxd4 exd5 7. Bg5 Be7 8. e3 O-O 9. Rd1 h6 10. Bh4 Nc6 11. Qa4 Be6 12. Bb5 Qb6 13. O-O a6 14. Bxc6 bxc6 15. b3 Rfd8 16. Rc1 c5 17. Rfd1 Rac8 18. Ne2 g5 19. Bg3 Ne4 20. Qa3 Bf8 21. Qb2 a5 22. h4 g4 23. Nd2 Nxg3 24. Nxg3 Bg7 25. Qc2 c4 26. bxc4 dxc4 27. Nf5 Bf8 28. Qe4 h5 29. Ng3 c3 30. Nb3 Rxd1+ 31. Rxd1 Bxb3 32. axb3 Qb5 33. Rc1 Bg7 34. Rc2 Qxb3 35. Nxh5 Qe6 36. Qxe6 fxe6 37. Nxg7 Kxg7 38. Kf1 Kg6 39. Ke2 g3 40. fxg3 Kf5 41. Kd3 Kg4 42. Rxc3 Rd8+ 43. Ke4 Kxg3 44. Rc5 Ra8 45. h5 a4 46. h6 a3 47. h7 Kxg2 48. Rc2+ Kg3 49. Ra2 Rh8 50. Rxa3 Rxh7 51. Ke5 Kf3 52. e4+ Kg4 53. Kxe6 Kf4 54. Ra4 Rh6+ 55. Kd5 Rb6 56. e5+ Kf5 57. Ra5 Re6 58. Kd4 Re8 59. Ra6 Rxe5 60. Rd6 Re4+ 61. Kc5 Re5+ 62. Rd5 Rxd5+ 63. Kxd5 1/2-1/2


[Site "https://www.chess.com"]

[Event "Titled Tuesday Blitz April 11 Early 2023"]
[White "Kukhmazov, Arsen"]
[Black "Annaberdiyev, Meylis"]
[WhiteFideId "24108260"]
[BlackFideId "14000563"]
[WhiteElo "2396"]
[BlackElo "2416"]
[Result "0-1"]
[Round "04"]
[TimeControl "180+2"]
[Date "2023.04.11"]
[WhiteClock "0:00:02"]
[BlackClock "0:00:08"]

1. d4 Nf6 2. c4 e6 3. Nc3 d5 4. Bg5 Bb4 5. e3 h6 6. Bxf6 Qxf6 7. Nf3 O-O 8. Qb3 Bxc3+ 9. bxc3 dxc4 10. Bxc4 Nc6 11. O-O b6 12. Bb5 Bb7 13. Bxc6 Bxc6 14. Ne5 Bb7 15. a4 a5 16. f3 Qe7 17. e4 Rfd8 18. Rfd1 Kh7 19. Qc2 f6 20. Nc4 Kh8 21. Ne3 Rd7 22. Kf2 Rad8 23. g3 c5 24. Qb2 f5 25. Qxb6 fxe4 26. f4 cxd4 27. Rxd4 e5 28. Nf5 Qf7 29. Rxd7 Rxd7 30. Nd6 Qh5 31. fxe5 Qf3+ 32. Kg1 Rxd6 33. exd6 e3 34. d7 0-1


[Site "https://www.chess.com"]

[Event "Titled Tuesday Blitz April 11 Early 2023"]
[White "Gabrielian, Artur"]
[Black "Seo, Jung Min"]
[WhiteFideId "4131002"]
[BlackFideId "1734687"]
[WhiteElo "2432"]
[BlackElo "2468"]
[Result "1-0"]
[Round "04"]
[TimeControl "180+2"]
[Date "2023.04.11"]
[WhiteClock "0:01:46"]
[BlackClock "0:01:52"]

1. e4 c5 2. Nf3 d6 3. d4 cxd4 4. Nxd4 Nf6 5. Nc3 a6 6. Bc4 e6 7. Be3 b5 8. Bb3 Nbd7 9. Bxe6 fxe6 10. Nxe6 Qa5 11. a3 b4 12. axb4 Qxb4 13. Nc7+ Kf7 14. Nxa8 Qb7 15. Bf4 Qxa8 16. Bxd6 Nxe4 17. Qf3+ Ndf6 18. Bxf8 Rxf8 19. Nxe4 Qxe4+ 20. Qxe4 Nxe4 21. f3 Nf6 22. O-O-O Re8 23. Rhe1 Rxe1 24. Rxe1 Be6 25. b3 Ke7 26. Kd2 Kd6 27. c4 g5 28. Kc3 Nd7 29. b4 Ne5 30. c5+ Kd5 31. Rd1+ 1-0


[Site "https://www.chess.com"]

[Event "Titled Tuesday Blitz April 11 Early 2023"]
[White "Martic, Ivan"]
[Black "Timofeev, Artyom"]
[WhiteFideId "929301"]
[BlackFideId "4140419"]
[WhiteElo "2360"]
[BlackElo "2586"]
[Result "0-1"]
[Round "04"]
[TimeControl "180+2"]
[Date "2023.04.11"]
[WhiteClock "0:00:07"]
[BlackClock "0:00:16"]

1. d4 Nf6 2. Bg5 e6 3. e4 h6 4. Bxf6 Qxf6 5. c3 d5 6. e5 Qd8 7. Bd3 c5 8. Nf3 Nc6 9. O-O Be7 10. Re1 Qb6 11. Re2 Bd7 12. dxc5 Bxc5 13. b4 Be7 14. Nbd2 O-O 15. b5 Na5 16. a4 Rac8 17. Rc1 a6 18. c4 dxc4 19. Nxc4 Nxc4 20. Bxc4 Rfd8 21. Qb3 axb5 22. axb5 Be8 23. Rec2 Ra8 24. Ra2 Rxa2 25. Qxa2 Qc5 26. Qb1 Rc8 27. Rc2 Qb6 28. h3 Rd8 29. Rc1 Bc5 30. Qc2 Ba3 31. Ra1 Be7 32. Qe2 Qc5 33. Bd3 g6 34. Rb1 b6 35. Nh2 Kg7 36. Ng4 Qd4 37. Be4 h5 38. Nf6 Bxf6 39. exf6+ Qxf6 40. Bc6 Qd4 41. Qc2 Rc8 42. Rd1 Qe5 43. Rc1 Rc7 44. Qd2 Bxc6 45. bxc6 b5 46. Qb4 Qd5 47. Qc3+ e5 48. h4 b4 49. Qxb4 Rxc6 50. Rxc6 Qxc6 51. g3 Qd5 52. Qe7 Qd4 53. Qe8 Qc5 54. Qd7 Qd4 55. Qe8 Qe4 56. Qe7 Qf5 57. Qe8 g5 58. hxg5 Qxg5 59. Qd7 h4 60. Kg2 hxg3 61. fxg3 Qg6 62. Qd5 Qf5 63. Qd6 Qe4+ 64. Kf2 Qd4+ 65. Qxd4 exd4 66. Ke2 Kf6 67. Kd3 Ke5 68. g4 f6 69. Kd2 Kf4 70. Kd3 Kxg4 71. Kxd4 f5 72. Ke3 Kg3 73. Ke2 f4 74. Kf1 Kf3 75. Ke1 Kg2 76. Kd2 f3 77. Ke3 f2 0-1


[Site "https://www.chess.com"]

[Event "Titled Tuesday Blitz April 11 Early 2023"]
[White "Erdogdu, Mert"]
[Black "Arias, Juan Cruz"]
[WhiteFideId "6301495"]
[BlackFideId "118540"]
[WhiteElo "2407"]
[BlackElo "2243"]
[Result "1/2-1/2"]
[Round "04"]
[TimeControl "180+2"]
[Date "2023.04.11"]
[WhiteClock "0:00:15"]
[BlackClock "0:00:15"]

1. e4 c6 2. d4 d5 3. exd5 cxd5 4. c4 Nf6 5. Nc3 Nc6 6. Bg5 dxc4 7. Bxc4 h6 8. Be3 e6 9. Nf3 Be7 10. Qd2 a6 11. O-O O-O 12. Rad1 b5 13. Bd3 Bb7 14. Bxh6 gxh6 15. Qxh6 Nb4 16. Ng5 Qc7 17. a3 Nbd5 18. Bh7+ Kh8 19. Bf5+ Kg8 20. Nxe6 fxe6 21. Bxe6+ Rf7 22. Rd3 Bf8 23. Qg5+ Bg7 24. Nxd5 Bxd5 25. Bxd5 Nxd5 26. Qxd5 Rd8 27. Qg5 Qe7 28. Qg6 Rd6 29. Qg3 Qd7 30. Rfd1 Re7 31. h4 Re4 32. d5 Rg4 33. Qh3 Rdg6 34. g3 Be5 35. Kf1 Bd6 36. b4 Qf5 37. h5 Rg7 38. h6 Rf7 39. R1d2 Kh7 40. Rd4 Rxd4 41. Qxf5+ Rxf5 42. Rxd4 Kxh6 43. Kg2 Kg5 44. f4+ Kg4 45. Kf2 Bc7 46. Kg2 Bd6 47. Rd3 Rf7 48. Re3 Kf5 49. Kf3 Rd7 50. Re6 Bxf4 51. gxf4 Rxd5 52. Rxa6 Rd3+ 53. Ke2 Rb3 54. Kd2 Kxf4 55. Kc2 Rf3 56. Ra5 Ke4 57. Rxb5 Rxa3 58. Rc5 Kd4 59. Kb2 Rh3 60. Rc1 Kd5 61. b5 Kd6 62. Rc2 Kd7 63. Rc4 Kd6 64. Rc2 Kd7 65. Rc3 Rxc3 66. Kxc3 Kc7 67. Kb4 Kb6 68. Kc4 Kb7 69. Kc5 Kc7 70. b6+ Kb7 71. Kb5 Kb8 72. Kc6 Kc8 73. b7+ Kb8 74. Kb6 1/2-1/2


[Site "https://www.chess.com"]

[Event "Titled Tuesday Blitz April 11 Early 2023"]
[White "Rodshtein, Maxim"]
[Black "Grot, Blazej"]
[WhiteFideId "2806851"]
[BlackFideId "21835845"]
[WhiteElo "2555"]
[BlackElo "1823"]
[Result "1-0"]
[Round "04"]
[TimeControl "180+2"]
[Date "2023.04.11"]
[WhiteClock "0:00:10"]
[BlackClock "0:00:01"]

1. b3 Nf6 2. Bb2 g6 3. c4 Bg7 4. g3 c5 5. Bg2 d6 6. Nf3 O-O 7. O-O e5 8. d3 Nc6 9. Nc3 Be6 10. Ng5 Bf5 11. e3 h6 12. Nge4 Nxe4 13. Nxe4 Qd7 14. a3 a5 15. Qd2 Rfd8 16. Rfe1 Bh3 17. Bh1 Ne7 18. Nc3 h5 19. Rac1 h4 20. Na4 Ra6 21. d4 hxg3 22. hxg3 Qc8 23. Rcd1 Rd7 24. Bc3 exd4 25. exd4 Nc6 26. d5 Nd4 27. Qe3 Rd8 28. Bxd4 Bxd4 29. Qf4 Qf5 30. Qxf5 Bxf5 31. Be4 Bg4 32. Rb1 Bd7 33. Bd3 Kf8 34. Kg2 Kg7 35. Nb2 a4 36. Nxa4 Bxa4 37. bxa4 Rd7 38. Bc2 Ra8 39. Rb6 Ra6 40. Rb5 Be5 41. Reb1 Ra7 42. a5 Bc3 43. a6 Rxa6 44. a4 Ra7 45. R1b3 Bd4 46. Rf3 Re7 47. Kf1 Rd7 48. Rf4 Be5 49. Re4 Bd4 50. g4 Bf6 51. f4 Re7 52. g5 Bxg5 53. fxg5 Rxe4 54. Bxe4 Rxa4 55. Bd3 Ra3 56. Ke2 Ra2+ 57. Kf3 Ra3 58. Ke3 Ra7 59. Rb6 Kf8 60. Rxd6 Ke7 61. Rb6 Ra1 62. Rxb7+ Kd6 63. Rxf7 Re1+ 64. Kd2 Rg1 65. Rf6+ Ke5 66. Kc3 Rxg5 67. Rxg6 Rxg6 68. Bxg6 Kd6 69. Kd3 Ke5 70. Ke3 1-0


[Site "https://www.chess.com"]

[Event "Titled Tuesday Blitz April 11 Early 2023"]
[White "Wadsworth, Matthew J"]
[Black "Andreikin, Dmitry"]
[WhiteFideId "415804"]
[BlackFideId "4158814"]
[WhiteElo "2330"]
[BlackElo "2736"]
[Result "0-1"]
[Round "04"]
[TimeControl "180+2"]
[Date "2023.04.11"]
[WhiteClock "0:00:07"]
[BlackClock "0:00:30"]

1. Nf3 Nf6 2. c4 e6 3. g3 d5 4. Bg2 dxc4 5. Qa4+ Nbd7 6. Qxc4 a6 7. Qc2 c5 8. Nc3 Ra7 9. O-O b5 10. d4 Bb7 11. Rd1 Qa8 12. Ne1 cxd4 13. Rxd4 Bc5 14. Rh4 O-O 15. Bxb7 Qxb7 16. Nd3 Bb6 17. a4 Rc8 18. axb5 axb5 19. Rxa7 Qxa7 20. Qb3 Nc5 21. Qxb5 Nxd3 22. Qxd3 Bxf2+ 23. Kg2 Be1 24. Bg5 Qb7+ 25. Kh3 Qd7 26. Bxf6 Qxd3 27. exd3 gxf6 28. Rc4 Rxc4 29. dxc4 Bxc3 30. bxc3 Kf8 31. Kg4 Ke7 32. Kf4 Kd6 33. Ke4 Kc5 34. Kd3 f5 35. h4 h5 0-1


[Site "https://www.chess.com"]

[Event "Titled Tuesday Blitz April 11 Early 2023"]
[White "Horobetz, Graham"]
[Black "Sadhwani, Raunak"]
[WhiteFideId "2047322"]
[BlackFideId "35093487"]
[WhiteElo "2609"]
[BlackElo "2631"]
[Result "0-1"]
[Round "04"]
[TimeControl "180+2"]
[Date "2023.04.11"]
[WhiteClock "0:00:01"]
[BlackClock "0:02:13"]

1. e4 g6 2. d4 Bg7 3. Nc3 d6 4. Nf3 Nf6 5. h3 O-O 6. Be3 a6 7. a4 b6 8. Bd3 Bb7 9. O-O Nc6 10. Nd2 Nd7 11. d5 Nb4 12. Be2 c6 13. dxc6 Bxc6 14. Nb3 Nc5 15. Bd4 Nxb3 16. Bxg7 Nxa1 17. Bxf8 Qxf8 18. Qxa1 Nxc2 19. Qd1 Nb4 20. Qd4 a5 21. Qxb6 Qb8 22. Qxb8+ Rxb8 23. Bb5 Bb7 24. f3 Rc8 25. Rc1 Kg7 26. Ne2 Kf6 27. Rxc8 Bxc8 28. Kf2 e5 29. Nc1 Be6 30. Ne2 Ke7 31. Nc3 Kd8 32. Ke3 Nc2+ 33. Kd2 Nd4 34. Bd3 Nb3+ 35. Kc2 Nc5 36. Bb5 f5 37. Kd2 Kc7 38. exf5 gxf5 39. g4 f4 40. Bd3 h6 41. h4 d5 42. g5 hxg5 43. hxg5 Kd6 44. Bc2 Ke7 45. Na2 d4 46. Nc1 Bd5 47. Bd1 Kf7 48. Bc2 Bxf3 49. Nd3 Nxd3 50. Kxd3 Bd5 51. b3 f3 52. Bd1 Kg6 53. Bxf3 Bxf3 0-1


[Site "https://www.chess.com"]

[Event "Titled Tuesday Blitz April 11 Early 2023"]
[White "Gabdrakhmanov, Azat"]
[Black "Martinez Alcantara, Jose Eduardo"]
[WhiteFideId "34189197"]
[BlackFideId "3805662"]
[WhiteElo "2306"]
[BlackElo "2711"]
[Result "0-1"]
[Round "04"]
[TimeControl "180+2"]
[Date "2023.04.11"]
[WhiteClock "0:00:16"]
[BlackClock "0:01:47"]

1. e4 Nc6 2. Nf3 d6 3. d4 Nf6 4. d5 Nb8 5. Nc3 g6 6. Be2 Bg7 7. O-O O-O 8. Re1 c6 9. Bf1 Bg4 10. h3 Bxf3 11. Qxf3 Nbd7 12. Bf4 Rc8 13. Rad1 Qb6 14. Rb1 Qa5 15. a3 a6 16. b4 Qc7 17. Rbc1 c5 18. b5 c4 19. a4 Nc5 20. e5 Nfd7 21. exd6 exd6 22. Rb1 Ne5 23. Qg3 Qa5 24. Re3 Nxa4 25. Nxa4 Qxa4 26. bxa6 bxa6 27. Rc1 Qa5 28. Ra3 Qb5 29. Rca1 Qxd5 30. Rxa6 Rfd8 31. R6a5 Qe4 32. R5a4 Qxc2 33. R4a2 Qf5 0-1


[Site "https://www.chess.com"]

[Event "Titled Tuesday Blitz April 11 Early 2023"]
[White "Alekseenko, Kirill"]
[Black "Al-Tarboush, Ward"]
[WhiteFideId "4135539"]
[BlackFideId "7601450"]
[WhiteElo "2683"]
[BlackElo "2265"]
[Result "0-1"]
[Round "04"]
[TimeControl "180+2"]
[Date "2023.04.11"]
[WhiteClock "0:00:01"]
[BlackClock "0:00:13"]

1. d4 Nf6 2. Nc3 d5 3. Bf4 a6 4. e3 Bf5 5. f3 c5 6. g4 Bg6 7. h4 cxd4 8. exd4 h5 9. g5 Ng8 10. Bd3 Bxd3 11. Qxd3 e6 12. Nge2 Ne7 13. O-O-O Nbc6 14. Kb1 Nf5 15. g6 fxg6 16. Bg5 Qd7 17. Nf4 Nb4 18. Qe2 Ng3 19. Qxe6+ Qxe6 20. Nxe6 Nxh1 21. Nc7+ Kd7 22. Nxa8 Bd6 23. Nb6+ Kc6 24. Rxh1 Kxb6 25. a3 Nc6 26. Nxd5+ Ka7 27. c3 Rf8 28. f4 Re8 29. Rf1 Re2 30. f5 gxf5 31. Rxf5 Na5 32. Nf4 Bxf4 33. Rxa5 Bg3 34. Rf5 Re4 35. Rf7 g6 36. Rg7 Bxh4 37. Bxh4 Rxh4 38. Rxg6 Rh1+ 39. Ka2 h4 40. Rh6 h3 41. a4 a5 42. Rh5 b6 43. Rh7+ Ka6 44. Kb3 Rh2 45. Ka3 Rh1 46. Ka2 Rh2 47. Kb3 Rh1 48. Kc4 Rh2 49. b4 axb4 50. cxb4 b5+ 51. axb5+ Kb6 52. Rh6+ Kb7 53. b6 Rc2+ 54. Kb5 h2 55. Rh7+ Kb8 56. d5 Rd2 57. Kc6 Rc2+ 58. Kd6 Rd2 59. b7 Rc2 60. b5 Rd2 61. Kc6 Rc2+ 62. Kd6 Rd2 63. Kc5 Rc2+ 64. Kb4 Rb2+ 65. Ka5 Ra2+ 66. Kb4 Rb2+ 67. Kc4 Rc2+ 68. Kd4 Rd2+ 69. Ke5 Re2+ 70. Kd6 Rc2 71. Ke6 Re2+ 72. Kd7 Rg2 73. d6 Rg7+ 74. Rxg7 h1=Q 75. Ke8 Qe4+ 76. Re7 Qg6+ 77. Kd7 Kxb7 78. Kd8+ Kb8 79. d7 Qg5 80. b6 Kb7 81. Ke8 Qg8# 0-1


[Site "https://www.chess.com"]

[Event "Titled Tuesday Blitz April 11 Early 2023"]
[White "Ozates, Tuna"]
[Black "Steinberg, Nitzan"]
[WhiteFideId "6354521"]
[BlackFideId "2801795"]
[WhiteElo "2151"]
[BlackElo "2486"]
[Result "0-1"]
[Round "04"]
[TimeControl "180+2"]
[Date "2023.04.11"]
[WhiteClock "0:01:48"]
[BlackClock "0:01:39"]

1. e4 c5 2. Nf3 e6 3. d4 cxd4 4. Nxd4 Nc6 5. Nc3 Qc7 6. Be3 a6 7. Nxc6 bxc6 8. Bd3 Nf6 9. O-O d5 10. exd5 cxd5 11. h3 Be7 12. Bd4 e5 13. Bxe5 Qxe5 14. Re1 Qd6 15. Qf3 O-O 16. g4 Bb7 17. g5 Ne4 18. h4 f5 19. Rad1 Rad8 20. Ne2 Qb6 21. Nf4 Bc5 22. Re2 Rde8 23. c4 dxc4 24. Bxc4+ Kh8 25. Kg2 Nxg5 0-1


[Site "https://www.chess.com"]

[Event "Titled Tuesday Blitz April 11 Early 2023"]
[White "Xiong, Jeffery"]
[Black "Volkov, Maksim"]
[WhiteFideId "2047640"]
[BlackFideId "54123070"]
[WhiteElo "2726"]
[BlackElo "2312"]
[Result "1-0"]
[Round "04"]
[TimeControl "180+2"]
[Date "2023.04.11"]
[WhiteClock "0:01:32"]
[BlackClock "0:00:12"]

1. e4 c5 2. Nf3 d6 3. Nc3 Nf6 4. d4 cxd4 5. Qxd4 Nc6 6. Qd3 g6 7. Nd5 Bg7 8. c3 O-O 9. Bg5 Nxd5 10. exd5 Ne5 11. Nxe5 Bxe5 12. Be2 a6 13. a4 Bf5 14. Qd2 Qd7 15. a5 Rfc8 16. O-O Be4 17. Be3 Qf5 18. Rfd1 Qd7 19. Re1 h5 20. h3 Bf5 21. Bd4 Bxd4 22. Qxd4 Qc7 23. g4 hxg4 24. hxg4 Bd7 25. Bf3 Re8 26. Kg2 f6 27. g5 Qc5 28. Qh4 fxg5 29. Qxg5 Kf7 30. Rh1 Rh8 31. Rae1 e5 32. Be4 Rag8 33. Rxh8 Rxh8 34. Bxg6+ 1-0


[Site "https://www.chess.com"]

[Event "Titled Tuesday Blitz April 11 Early 2023"]
[White "Terry, Renato"]
[Black "Hua, Lefong"]
[WhiteFideId "3803457"]
[BlackFideId "2602253"]
[WhiteElo "2575"]
[BlackElo "2600"]
[Result "1-0"]
[Round "04"]
[TimeControl "180+2"]
[Date "2023.04.11"]
[WhiteClock "0:00:06"]
[BlackClock "0:00:06"]

1. Nf3 Nf6 2. b4 g6 3. Bb2 Bg7 4. e3 O-O 5. c4 d6 6. Be2 a5 7. b5 c5 8. O-O b6 9. d4 cxd4 10. exd4 d5 11. c5 Ne4 12. c6 Bg4 13. a4 Ra7 14. h3 Bxf3 15. Bxf3 e6 16. Nc3 Nd6 17. Ne2 Nc4 18. Bc3 Qd6 19. Nc1 Rc8 20. Nd3 Rac7 21. Nb2 Nxb2 22. Bxb2 Nxc6 23. bxc6 Rxc6 24. Rb1 Rc4 25. Be2 Rb4 26. Ba3 Rxb1 27. Bxd6 Rxd1 28. Rxd1 Bf6 29. Bb5 Rc2 30. g3 h5 31. h4 Kg7 32. Rd3 Rc1+ 33. Kg2 Rc2 34. Be5 Bxe5 35. dxe5 f6 36. Re3 fxe5 37. Rxe5 Kf6 38. Re3 e5 39. Rf3+ Ke7 40. Bd3 Ra2 41. Bxg6 Rxa4 42. Bxh5 e4 43. Rb3 Ra2 44. Kf1 a4 45. Rxb6 a3 46. Ra6 d4 47. Bg6 e3 48. fxe3 dxe3 49. h5 Rf2+ 50. Ke1 Rg2 51. Ra7+ Kf6 52. Rxa3 Rxg3 53. Ke2 Kg5 54. Ra5+ Kh6 55. Rb5 Rh3 56. Re5 Rg3 57. Kf1 Kg7 58. Re6 Kh6 59. Be8+ Kh7 60. Bb5 Kg7 61. Bd3 Kh8 62. h6 Kg8 63. Re8+ Kf7 64. h7 Rh3 65. h8=Q 1-0


[Site "https://www.chess.com"]

[Event "Titled Tuesday Blitz April 11 Early 2023"]
[White "Jain Kashish Manoj"]
[Black "Makarian, Rudik"]
[WhiteFideId "35081098"]
[BlackFideId "44105681"]
[WhiteElo "2191"]
[BlackElo "2430"]
[Result "0-1"]
[Round "04"]
[TimeControl "180+2"]
[Date "2023.04.11"]
[WhiteClock "0:00:01"]
[BlackClock "0:02:05"]

1. e4 c5 2. Nf3 Nc6 3. Bb5 e6 4. Bxc6 bxc6 5. d3 Bd6 6. Nbd2 Ne7 7. b3 O-O 8. Bb2 f6 9. e5 fxe5 10. Nxe5 Bc7 11. Qe2 d6 12. Nef3 e5 13. O-O-O a5 14. a4 Nd5 15. Kb1 Nf4 16. Qf1 Bg4 17. h3 Bh5 18. Re1 Qd7 19. Ng5 h6 20. Nge4 Ne6 21. Ng3 Bg6 22. Nc4 Rab8 23. Ka2 Nd4 24. Bxd4 cxd4 25. Qe2 Rb4 26. h4 Rfb8 27. h5 Bf7 28. Qd2 c5 29. Nb2 Rxa4+ 30. Nxa4 Qxa4+ 31. Kb1 Bxb3 32. cxb3 Qxb3+ 33. Kc1 Qb1# 0-1


[Site "https://www.chess.com"]

[Event "Titled Tuesday Blitz April 11 Early 2023"]
[White "Djokic, Mihailo"]
[Black "Gholami Orimi, Mahdi"]
[WhiteFideId "976440"]
[BlackFideId "12558486"]
[WhiteElo "2294"]
[BlackElo "2363"]
[Result "0-1"]
[Round "04"]
[TimeControl "180+2"]
[Date "2023.04.11"]
[WhiteClock "0:00:05"]
[BlackClock "0:00:24"]

1. e4 c5 2. Nf3 Nc6 3. d4 cxd4 4. Nxd4 Nf6 5. Nc3 d6 6. Bg5 e6 7. Qd2 a6 8. O-O-O Bd7 9. f4 Be7 10. Kb1 Qa5 11. Nb3 Qc7 12. f5 O-O-O 13. Bf4 Ne5 14. Nd4 Kb8 15. Be2 Bc8 16. h3 Nc4 17. Bxc4 Qxc4 18. Be3 e5 19. b3 Qb4 20. Nde2 d5 21. exd5 Bxf5 22. g4 Bg6 23. g5 Ne4 24. Nxe4 Qxe4 25. Ng3 Qh4 26. Rdg1 Rc8 27. Ka1 Rxc2 28. Qa5 Bb4 29. Qb6 Bc3+ 30. Kb1 Rb2+ 31. Kc1 Rb1# 0-1


[Site "https://www.chess.com"]

[Event "Titled Tuesday Blitz April 11 Early 2023"]
[White "Corrales Jimenez, Fidel"]
[Black "Petre, Nad-Titus"]
[WhiteFideId "3506690"]
[BlackFideId "1204165"]
[WhiteElo "2541"]
[BlackElo "2354"]
[Result "1-0"]
[Round "04"]
[TimeControl "180+2"]
[Date "2023.04.11"]
[WhiteClock "0:01:21"]
[BlackClock "0:00:07"]

1. d4 Nf6 2. g3 d5 3. Bg2 Bf5 4. c4 c6 5. Qb3 Qb6 6. c5 Qc7 7. Bf4 Qc8 8. Nc3 Nbd7 9. Nf3 h6 10. Rc1 e6 11. O-O Be7 12. Rfe1 O-O 13. h3 Ne4 14. g4 Bh7 15. Ne5 Nxe5 16. Bxe5 f5 17. Nxe4 fxe4 18. f3 exf3 19. exf3 Bf6 20. Bxf6 Rxf6 21. Re5 Qd7 22. Rce1 Raf8 23. Qe3 g5 24. Kf2 Kg7 25. h4 Rg6 26. hxg5 hxg5 27. Rxg5 Qf7 28. Rxg6+ Bxg6 29. Qxe6 Qf4 30. Qe5+ Kh6 31. Rh1+ 1-0


[Site "https://www.chess.com"]

[Event "Titled Tuesday Blitz April 11 Early 2023"]
[White "Ibadov, Dashgyn"]
[Black "Samadov, Read"]
[WhiteFideId "24107514"]
[BlackFideId "13417444"]
[WhiteElo "2208"]
[BlackElo "2355"]
[Result "0-1"]
[Round "04"]
[TimeControl "180+2"]
[Date "2023.04.11"]
[WhiteClock "0:00:01"]
[BlackClock "0:01:24"]

1. e4 c6 2. d4 d5 3. Nc3 dxe4 4. Nxe4 Bf5 5. Ng3 Bg6 6. h4 h6 7. h5 Bh7 8. Nf3 e6 9. Bd3 Bxd3 10. Qxd3 Nf6 11. Bd2 Be7 12. O-O-O c5 13. Ne4 cxd4 14. Nxd4 Nbd7 15. Kb1 Rc8 16. Nxf6+ Nxf6 17. Be3 Nd5 18. Qb5+ Qd7 19. Qxd7+ Kxd7 20. Rhe1 Bf6 21. f3 Rhd8 22. Bf2 a6 23. g4 Ke8 24. c3 b5 25. a3 Rd7 26. Rd2 Nb6 27. Rde2 Nc4 28. Ka2 Rd5 29. Re4 a5 30. R1e2 b4 31. axb4 axb4 32. cxb4 Nd6 33. Rf4 Bg5 34. Rfe4 Nxe4 35. Rxe4 Bf6 36. Kb3 Rc1 37. f4 Rf1 38. Bg3 Bxd4 0-1


[Site "https://www.chess.com"]

[Event "Titled Tuesday Blitz April 11 Early 2023"]
[White "TimGrutter03"]
[Black "Pranesh M"]
[BlackFideId "35028600"]
[WhiteElo "2589"]
[BlackElo "2437"]
[Result "0-1"]
[Round "04"]
[TimeControl "180+2"]
[Date "2023.04.11"]
[WhiteClock "0:00:01"]
[BlackClock "0:00:17"]

1. e4 e5 2. Nf3 Nc6 3. g3 Nf6 4. d3 d5 5. exd5 Nxd5 6. Bg2 Bc5 7. O-O O-O 8. Nxe5 Nxe5 9. d4 Bg4 10. f3 Nxf3+ 11. Bxf3 Bxf3 12. Rxf3 Bb6 13. c4 Nb4 14. Be3 Bxd4 15. Bxd4 c5 16. Nc3 cxd4 17. Nb5 d3 18. Qd2 Qe7 19. b3 a6 20. Nc3 Rad8 21. Re1 Qc5+ 22. Qf2 Qa5 23. Qd2 Nxa2 24. Qxa2 Qxc3 25. Rd1 Qc2 26. Qa1 Rfe8 27. Rf2 Re2 28. Rxe2 Qxe2 29. Re1 Qc2 30. Qd1 h6 31. Rf1 Qc3 32. Qf3 Qd4+ 33. Kh1 Rd7 34. Qf5 d2 35. Rd1 Re7 36. Qf3 Re1+ 37. Kg2 g6 38. Rxe1 dxe1=Q 0-1


[Site "https://www.chess.com"]

[Event "Titled Tuesday Blitz April 11 Early 2023"]
[White "MKlose11"]
[Black "Zakhartsov, Vladimir"]
[BlackFideId "4145097"]
[WhiteElo "2581"]
[BlackElo "2497"]
[Result "0-1"]
[Round "04"]
[TimeControl "180+2"]
[Date "2023.04.11"]
[WhiteClock "0:00:06"]
[BlackClock "0:00:06"]

1. e4 e5 2. Nf3 Nc6 3. d4 exd4 4. Bc4 Nf6 5. O-O Nxe4 6. Re1 d5 7. Bxd5 Qxd5 8. Nc3 Qd8 9. Rxe4+ Be7 10. Nxd4 O-O 11. Nxc6 bxc6 12. Qxd8 Bxd8 13. Bf4 Be6 14. Rd1 Bf5 15. Rc4 Bxc2 16. Rd2 Bf5 17. Rxc6 Re8 18. h3 h6 19. Nb5 Re4 20. Bg3 a6 21. Nxc7 Rc8 22. Rc5 Bxc7 23. Rxf5 Bxg3 24. fxg3 f6 25. Ra5 Rc6 26. Rad5 Kh7 27. g4 Rc1+ 28. Kh2 Kg6 29. Rd6 a5 30. R6d5 a4 31. R5d4 Rxd4 32. Rxd4 Rc2 33. Rb4 h5 34. gxh5+ Kxh5 35. a3 f5 36. Kg3 g5 37. Kf3 f4 38. Rb8 Rd2 39. Rb4 Rc2 40. g4+ Kg6 41. Rb6+ Kf7 42. h4 gxh4 43. Kxf4 Kg7 44. Rb7+ Kg6 45. Rb6+ Kg7 46. Kg5 h3 47. Rb7+ Kg8 48. Rb8+ Kg7 49. Rb7+ Kg8 50. Rb6 h2 51. Rh6 Rxb2 52. Kf5 Kg7 53. Rh5 Rf2+ 54. Ke4 Kg6 55. Kd5 Rg2 56. Kc5 Kg7 57. Kb5 Kg6 58. Ka5 Kf6 59. Rh6+ Kg5 60. Rh8 Kxg4 61. Kxa4 Kg3 62. Ka5 Rf2 63. a4 Rf4 64. Rxh2 Kxh2 65. Kb6 Rxa4 66. Kb5 Rh4 67. Kc5 Kg3 68. Kb5 Rf4 0-1


[Site "https://www.chess.com"]